 Dungeon Crawl Stone Soup version 0.24.0-125-gc4c63601f3 (webtiles) character file.

Game seed: 10275614384298970487, levelgen mode: deterministic

277 Mesmaeker13 the Digger (level 6, 0/36 HPs)
             Began as an Octopode Earth Elementalist on Feb 18, 2020.
             Slain by Grinder (1 damage)
             ... on level 3 of the Dungeon.
             The game lasted 00:04:35 (3383 turns).

Mesmaeker13 the Digger (OpEE)                       Turns: 3383, Time: 00:04:36

Health: 0/36       AC:  1    Str:  7    XL:     6   Next: 25%
Magic:  5/10       EV: 15    Int: 19    God:
Gold:   139        SH:  0    Dex: 13    Spells: 7/11 levels left

rFire    . . .     SeeInvis .   i - +2 dagger (elec)
rCold    . . .     Gourm    .   (no shield)
rNeg     . . .     Faith    .   (helmet restricted)
rPois    .         Spirit   .   (no amulet)
rElec    .         Reflect  .   (no ring)
rCorr    .         Harm     .   (no ring)
MR       .....                  (no ring)
Stlth    +++.......             (no ring)
HPRegen  0.12/turn              (no ring)
MPRegen  0.12/turn              (no ring)
                                (no ring)
                                (no ring)

@: no status effects
A: almost no armour, stealthy swim, amphibious, 8 rings, constrict 8, camouflage
1, gelatinous body 1
a: no special abilities


You were on level 3 of the Dungeon.
You were not hungry.

You visited 1 branch of the dungeon, and saw 3 of its levels.

You collected 139 gold pieces.

Inventory:

Hand Weapons
 i - a +2 dagger of electrocution (weapon)
Missiles
 b - 96 stones (quivered)
Scrolls
 a - 2 scrolls of teleportation {unknown}
 h - 4 scrolls of identify {unknown}
 j - a scroll of remove curse
 k - 2 scrolls of enchant armour {unknown}
 o - a scroll of amnesia {unknown}
Potions
 d - a potion of haste {unknown}
 e - a potion of invisibility {unknown}
 f - a potion of mutation {unknown}
 l - a potion of brilliance {unknown}
 m - a potion of magic {unknown}
 n - a potion of flight {unknown}
Comestibles
 c - 4 rations
 g - 8 chunks of flesh


   Skills:
 + Level 4.0 Dodging
 - Level 2.6 Stealth
 - Level 3.1 Spellcasting
 + Level 1.8 Conjurations
   Level 1.0 Transmutations
 + Level 4.6 Earth Magic


You had 7 spell levels left.
You knew the following spells:

 Your Spells              Type           Power        Failure   Level  Hunger
a - Sandblast             Erth           ###...       2%          1    None
b - Stone Arrow           Conj/Erth      ###...       12%         3    ###....

Your spell library contained the following spells:

 Spells                   Type           Power        Failure   Level  Hunger
 Passwall                 Tmut/Erth      ##......     7%          2    ##.....
 Animate Skeleton         Necr           N/A          16%         1    None
 Apportation              Tloc           #.....       16%         1    None
 Confusing Touch          Hex            #.....       16%         1    None
 Summon Small Mammal      Summ           #...         16%         1    None
 Petrify                  Tmut/Erth      ##......     43%         4    ####...
 Lee's Rapid Deconstruct  Erth           ###.......   54%         5    ######.


Dungeon Overview and Level Annotations

Branches:
Dungeon (3/15)

Altars:

Annotations:
D:3 Grinder


Innate Abilities, Weirdness & Mutations

You cannot wear most types of armour.
You are very stealthy in the water. (Stealth+)
You are amphibious.
You can wear up to eight rings at the same time.
You can use your tentacles to constrict eight enemies at once.
Your skin changes colour to match your surroundings (Stealth+).
Your rubbery body absorbs attacks. (AC +1, EV +1)


Message History

Casting: Sandblast (safe; 2% risk of failure)
Confirm with . or Enter, or press ? or * to list all spells.
Aiming: Sandblast (safe; 2% risk of failure)
Press: ? - help, Shift-Dir - straight line, f/p - Grinder
Aim: Grinder (moderately wounded)
The blast of sand hits Grinder!
Grinder is heavily wounded.
b - 97 stones
Casting: Sandblast (safe; 2% risk of failure)
Confirm with . or Enter, or press ? or * to list all spells.
Aiming: Sandblast (safe; 2% risk of failure)
Press: ? - help, Shift-Dir - straight line, f/p - Grinder
Aim: Grinder (heavily wounded)
The blast of sand hits Grinder!
Grinder is almost dead.
b - 96 stones Grinder hits you.
* * * LOW HITPOINT WARNING * * *
You writhe in agony.
You die...

###.## #.....#. ##
######....... #.
#.(.......... #.
#.###.......#
#.##>###.......####
#ยง#<..##.##........
#.@....#.##......##
###5...#.##..#.#.##
#.....>.....#)#...
#.#######...#.####
#. #...#.# #.
#...#.#### #.
#.........
#.#.#.###. #.#.#.#
#.


You could see Grinder.

Vanquished Creatures
  A bullfrog (D:3)
  A crimson imp (D:3)
  Robin (D:2)
  6 adders
  2 oozes
  2 worms
  3 dart slugs
  4 leopard geckos
  2 orcs (D:3)
  8 bats
  6 giant cockroaches
  15 goblins
  15 hobgoblins
  A quokka (D:3)
  4 frilled lizards
  8 kobolds
  5 rats
84 creatures vanquished.

Notes
Turn   | Place    | Note
-------+----------+-------------------------------------------
     0 | D:1      | Mesmaeker13 the Octopode Earth Elementalist began the quest
                  | for the Orb.
     0 | D:1      | Reached XP level 1. HP: 11/11 MP: 3/3
   578 | D:1      | Reached XP level 2. HP: 3/17 MP: 0/5
   909 | D:2      | You fall into a shaft and drop 1 floor!
  1144 | D:2      | Reached XP level 3. HP: 21/21 MP: 3/6
  1410 | D:2      | Noticed Robin
  1425 | D:2      | Killed Robin
  1567 | D:2      | Reached XP level 4. HP: 25/27 MP: 5/8
  2784 | D:3      | Reached XP level 5. HP: 31/31 MP: 9/9
  2789 | D:3      | Learned a level 3 spell: Stone Arrow
  2983 | D:3      | Reached skill level 1 in Conjurations
  3121 | D:3      | Reached XP level 6. HP: 26/36 MP: 5/10
  3372 | D:3      | Noticed Grinder
  3373 | D:3      | Paralysed by Grinder for 6 turns
  3383 | D:3      | HP: 1/36 [Grinder (3)]
  3383 | D:3      | Slain by Grinder

Levels and vault maps discovered:
D:1:      evilmike_arrival_crescent, layout_basic
D:2:      layout_loops_ring, uniq_robin
D:3:      layout_loops_ring, first_ration, uniq_grinder

Skill      XL: |  1  2  3  4  5  6 |
---------------+-------------------+-----
Dodging        | 3 4 |  4.0
Spellcasting   | 3 |  3.1
Earth Magic    | 4 |  4.6
Conjurations   | 1 |  1.8
Stealth        | |  2.6
Transmutations | |  1.0

Action                   |  1- 3 |  4- 6 || total
-------------------------+-------+-------++-------
Melee: Unarmed           |     9 |       ||     9
       Dagger            |    33 |    93 ||   126
       Constrict         |     6 |    21 ||    27
       Tentacles         |     3 |     9 ||    12
 Cast: Sandblast         |    13 |    25 ||    38
  Use: Scroll            |       |     1 ||     1
 Stab: Sleeping          |     6 |    14 ||    20
  Eat: Chunk             |     2 |     6 ||     8
Armor: Skin              |     2 |    17 ||    19
Dodge: Dodged            |    22 |    77 ||    99
